AoeStats
← GreatMaty

Arabia

506912115Analyzed
1v1 RM · 15d ago on Sep 15, 2026· 48m 36s· 2 players
Game mode
Random Map
Map size
Tiny (2 player)
Population
200
Speed
Normal
Resources
Standard
Victory
Conquest
Starting age
Dark Age
Ending age
Imperial Age
RankedLock teamsTeams togetherTeam positionsShared explorationLock speedFull tech treeHidden civsTurbo modeCheats
Victory
Defeat
🇩🇪 Franks · Germany
1838
+20
🇦🇷 Mapuche · Argentina
1936
-20
unfold
6:15 Loom
8:47 Feudal Age
8:53 Man-at-Arms
10:51 Double-Bit Axe
15:08 Fletching
15:48 Padded Archer Armor
22:38 Castle Age
21:07 Gold Mining
21:27 Scale Barding Armor
23:43 Chain Barding Armor
23:45 Bow Saw
25:27 Husbandry
29:07 Wheelbarrow
29:20 Ballistics
30:46 Forging
31:31 Light Cavalry
41:26 Imperial Age
39:15 Bodkin Arrow
38:43 Elite Skirmisher
41:32 Leather Archer Armor
43:14 Chemistry
44:58 Plate Barding Armor
44:27 Cavalier
46:07 Iron Casting
48:23 Blast Furnace
GreatMaty
5:46 Loom
6:05 Loom
8:50 Feudal Age
9:26 Double-Bit Axe
14:53 Fletching
21:33 Castle Age
21:21 Padded Archer Armor
22:42 Bodkin Arrow
24:47 Bow Saw
24:51 Horse Collar
28:43 Leather Archer Armor
29:40 Wheelbarrow
30:29 Town Watch
32:52 Ballistics
33:42 Gold Mining
33:43 Stone Mining
41:17 Imperial Age
45:16 Chemistry
45:34 Conscription
46:10 Elite Bolas Rider
48:18 Malon
Connection lost

Rejoining the realm…

Still unreachable

The connection could not be restored.

Session expired

The server has moved on; the page needs a fresh start.